 Dungeon Crawl Stone Soup version 0.30.0-13-g156ef70053 (webtiles) character file.

Game seed: 2416266283364343964

8 browni3141 the Firebug (level 2, 19/19 HPs)
             Began as a Demonspawn Fire Elementalist on May 17, 2023.
             Got out of the dungeon alive.
             The game lasted 00:00:28 (382 turns).

browni3141 the Firebug (DsFE)                        Turns: 382, Time: 00:00:28

Health: 19/19      AC:  2    Str:  8    XL:     2   Next: 0%
Magic:  1/5        EV: 12    Int: 16    God:
Gold:   31         SH:  0    Dex: 13    Spells: 4/5 levels left

rFire   . . .        (no weapon)
rCold   . . .        (no shield)
rNeg    . . .        a - +0 robe
rPois   .            (no helmet)
rElec   .            (no cloak)
rCorr   .            (no gloves)
SInv    .            (no boots)
Will    .....        (no amulet)
Stlth   ++           (no ring)
HPRegen 0.23/turn    (no ring)
MPRegen 0.09/turn

%: no passive effects
@: no status effects
A: weakness stinger 1
a: no special abilities


You escaped.
You visited 1 branch of the dungeon, and saw 2 of its levels.

You collected 31 gold pieces.

Inventory:

Armour
 a - a +0 robe (worn)
Scrolls
 p - a scroll of poison {unknown}
Potions
 m - a potion of magic
 n - a potion of might {unknown}
 o - a potion of lignification {unknown}


   Skills:
 + Level 1.9 Dodging
 + Level 2.0 Stealth
 + Level 2.1 Spellcasting
 + Level 1.2 Conjurations
 + Level 2.8 Fire Magic


You had 4 spell levels left.
You knew the following spells:

 Your Spells              Type           Power      Damage    Failure   Level
z - Foxfire               Conj/Fire      32%        2x1d5     9%          1

Your spell library contained the following spells:

 Spells                   Type           Power      Damage    Failure   Level
 Scorch                   Fire           20%        2d6       10%         2
 Inner Flame              Hex/Fire       6%         N/A       34%         3
 Volatile Blastmotes      Fire/Tloc      12%        2d11      34%         3
 Flame Wave               Conj/Fire      8%         2d5       65%         4


Dungeon Overview and Level Annotations

Branches:
Dungeon (2/15)

Altars:


Innate Abilities, Weirdness & Mutations

You have a small tail.


Message History

You conjure some foxfire!
The foxfire hits the kobold.
You kill the kobold!
Your foxfire dissipates!
There is a stone staircase leading up here.
Your foxfire dissipates!
You climb upwards.
There is a stone staircase leading down here.
You conjure some foxfire!
The kobold shouts!
The foxfire hits the kobold.
You kill the kobold!
A hobgoblin comes into view.
The foxfire hits the hobgoblin.
The hobgoblin is heavily wounded.
You miscast Foxfire.
You are very lightly contaminated with residual magic.
Nothing appears to happen.
You hit the hobgoblin but do no damage.
The hobgoblin is heavily wounded.
The hobgoblin closely misses you.
You hit the hobgoblin but do no damage.
The hobgoblin is heavily wounded.
The hobgoblin hits you.
You hit the hobgoblin but do no damage.
The hobgoblin is heavily wounded.
The hobgoblin hits you.
You closely miss the hobgoblin.
The hobgoblin is heavily wounded.
The hobgoblin misses you.
You closely miss the hobgoblin.
The hobgoblin is heavily wounded.
The hobgoblin hits you.
Your magical contamination has completely faded away.
You hit the hobgoblin but do no damage.
The hobgoblin is heavily wounded.
The hobgoblin hits you.
You hit the hobgoblin.
The hobgoblin is almost dead.
The hobgoblin hits you.
* * * LOW HITPOINT WARNING * * *
You hit the hobgoblin.
You kill the hobgoblin!
You start resting.
Magic restored.
You start resting.
HP restored.
You conjure some foxfire!
You conjure some foxfire!
The foxfire hits the goblin.
The goblin is heavily wounded.
The goblin shouts!
Your foxfire dissipates!
The foxfire hits the goblin.
You kill the goblin!
Your foxfire dissipates!
Magic restored.
You open the door.
There is an open door here.
You now have 21 gold pieces (gained 11).
You open the door.
There is an open door here.
A bat comes into view.
A bat is nearby!
A bat is nearby!
A bat is nearby!
You conjure some foxfire!
You conjure some foxfire!
The foxfire hits the bat.
The bat is moderately wounded.
The foxfire hits the bat.
You kill the bat!
Your foxfire dissipates!
Your foxfire dissipates!
n - a dark potion You see here a bat corpse.
You now have 31 gold pieces (gained 10).
o - a fuming silvery potion You see here 7 stones.
p - a scroll labelled HEUMPA KUIN You open the door.
There is an open door here.
A quokka comes into view.
A quokka is nearby!
You conjure some foxfire!
You conjure some foxfire!
You conjure some foxfire!
The foxfire hits the quokka but does no damage.
The foxfire hits the quokka.
The quokka is severely wounded.
The foxfire hits the quokka.
You kill the quokka!
Your Stealth skill increases to level 2!
You have reached level 2!
Your demonic ancestry asserts itself...
You grow a small tail.
Your foxfire dissipates!
Your foxfire dissipates!
Your foxfire dissipates!
There is a staircase leading out of the dungeon here.
Are you sure you want to leave the Dungeon?
This will make you lose the game!
You have escaped!

#.##.......######.##..#
#.##. #
##.................#
#.###
##....#.......#...#
#.###
##..###.....###..#
#.##. #...#.......#...#
#...# #....(..........#
####. #......>#.......#
##. #.......###......#
#.. .........#@......#
#.. #......[.........#
#.. .....#.......#..##
#.. ...###.....###..#
#.. .( #....... ..# #..
.......... .# #..
#########.. # ### .##


There were no monsters in sight!

Vanquished Creatures
  A goblin (D:1)
  A hobgoblin (D:1)
  A jackal (D:1)
  A quokka (D:1)
  2 bats (D:1)
  2 kobolds
8 creatures vanquished.

Vanquished Creatures (others)
  20 foxfires
20 creatures vanquished.

Grand Total: 28 creatures vanquished

Notes
Turn   | Place    | Note
-------+----------+-------------------------------------------
     0 | D:1      | browni3141 the Demonspawn Fire Elementalist began the quest
                  | for the Orb.
     0 | D:1      | Reached XP level 1. HP: 13/13 MP: 3/3
   368 | D:1      | Gained mutation: You have a small tail. [demonic ancestry]
   368 | D:1      | Reached XP level 2. HP: 19/19 MP: 0/5
   382 | D:$      | Got out of the dungeon alive.

Illustrated notes

Levels and vault maps discovered:
D:1:      minmay_arrival_five_plusses, layout_loops_corners,
          minmay_misc_feat_more_columns
D:2:      layout_loops_ring

Skill      XL: |  1 |
---------------+----+-----
Stealth        | 2 |  2.0
Dodging        | |  1.9
Spellcasting   | |  2.1
Conjurations   | |  1.2
Fire Magic     | |  2.8

Action                     || total
---------------------------++-------
  Melee: Unarmed           ||     8
   Cast: Foxfire           ||    13
  Dodge: Dodged            ||     2
